 Dungeon Crawl Stone Soup version 0.28-a0-872-g80cf8599ee (webtiles) character file.

Game seed: 6741176330398581705

513 croobank the Chopper (level 7, -10/61 HPs)
             Began as a Minotaur Berserker on Nov 20, 2021.
             Was a Believer of Trog.
             Mangled by Crazy Yiuf (16 damage)
             ... on level 4 of the Dungeon.
             The game lasted 00:16:05 (4221 turns).

croobank the Chopper (Minotaur Berserker)           Turns: 4221, Time: 00:16:23

Health: -10/61     AC:  3    Str: 23    XL:     7   Next: 0%
Magic:  6/6        EV: 12    Int: 10    God:    Trog [**....]
Gold:   115        SH:  0    Dex: 13    Spells: 6/6 levels left

rFire   . . .      SeeInvis .   a - +0 hand axe
rCold   . . .      Faith    .   (no shield)
rNeg    + + .      Spirit   .   r - +0 leather armour {Will+}
rPois   .          Reflect  .   (helmet restricted)
rElec   .          Harm     .   (no cloak)
rCorr   .          Rampage  .   (no gloves)
Will    +....                   (no boots)
Stlth   +.........              (no amulet)
HPRegen 0.20/turn               s - ring "Soruimiwab" {rN++ Int+6 Dex+3}
MPRegen 0.10/turn               (no ring)

@: lethally poisoned (-10 -> -38)
A: horns 2, retaliatory headbutt
a: Renounce Religion, Berserk, Trog's Hand


You were on level 4 of the Dungeon.
You worshipped Trog.
Trog was pleased with you.
You visited 1 branch of the dungeon, and saw 4 of its levels.

You collected 115 gold pieces.

Inventory:

Hand Weapons
 a - a +0 hand axe (weapon)
 e - a +0 short sword
 i - a +2 whip of venom
Missiles
 d - 185 stones (quivered)
 k - 28 poisoned darts
Armour
 c - a +0 leather armour
 f - a +0 plate armour
 n - a +0 chain mail
 q - a +0 ring mail
 r - a +0 leather armour of willpower (worn)
Jewellery
 m - a ring of fire
 s - the ring "Soruimiwab" (left hand) {rN++ Int+6 Dex+3}
   (You found it on level 4 of the Dungeon)

   [ring of intelligence]

   Int:       It affects your intelligence (+6).
   Dex:       It affects your dexterity (+3).
   rN:        It greatly protects you from negative energy.
Wands
 x - a wand of polymorph (5)
Scrolls
 b - a scroll of fog {unknown}
 h - a scroll of immolation {unknown}
 j - a scroll of blinking {unknown}
 l - a scroll of vulnerability {unknown}
 p - a scroll of magic mapping
 u - 2 scrolls of enchant weapon {unknown}
 v - a scroll of enchant armour {unknown}
 w - a scroll of noise {unknown}
 y - a scroll of teleportation {unknown}
Potions
 g - 4 potions of brilliance
 o - a potion of degeneration
 t - 2 potions of might


   Skills:
 + Level 5.3 Fighting
 + Level 7.2 Axes
 + Level 4.4 Armour
 + Level 3.4 Dodging
 + Level 0.5 Stealth


You had 6 spell levels left.
You didn't know any spells.
Your spell library contained the following spells:

 Spells                   Type           Power      Damage    Failure   Level
 Call Canine Familiar     Summ           0%         N/A       78%         3
 Portal Projectile        Hex/Tloc       0%         N/A       78%         3
 Leda's Liquefaction      Hex/Erth       0%         N/A       99%         4


Dungeon Overview and Level Annotations

Branches:
Dungeon (4/15)             Temple (0/1) D:4

Altars:
Gozag
Sif Muna

Annotations:
D:4 Crazy Yiuf


Innate Abilities, Weirdness & Mutations

You have a pair of horns on your head.
You reflexively headbutt those who attack you in melee.


Message History

The water moccasin skeleton bites you.
You slash the water moccasin skeleton!
You headbutt the water moccasin skeleton!
The water moccasin skeleton is severely damaged.
The water moccasin skeleton closely misses you.
You furiously retaliate!
You headbutt the water moccasin skeleton!
You destroy the water moccasin skeleton!
Trog accepts your kill.
Your Axes skill increases to level 7!
You have reached level 7!
p - 2 scrolls labelled BONUTE NAQEJACS (gained 1)
As you read the scroll labelled BONUTE NAQEJACS, it crumbles to dust.
You feel aware of your surroundings.
It was a scroll of magic mapping.
There is an open door here.
Items here: ))) [.
Found a mace.
Found a runed translucent door.
Crazy Yiuf shouts!
You open the door.
Crazy Yiuf drinks a potion.
Crazy Yiuf goes berserk!
There is an open translucent door here.
You hit Crazy Yiuf. Your headbutt misses Crazy Yiuf.
Crazy Yiuf is lightly wounded.
Crazy Yiuf hits you with a +4 quarterstaff of chaos! x2
Crazy Yiuf freezes you.
You barely miss Crazy Yiuf.
Crazy Yiuf is lightly wounded.
Crazy Yiuf barely misses you. You furiously retaliate!
You headbutt Crazy Yiuf, but do no damage.
You hit Crazy Yiuf.
Crazy Yiuf is moderately wounded.
Crazy Yiuf hits you with a +4 quarterstaff of chaos!
Crazy Yiuf freezes you.
You closely miss Crazy Yiuf. Your headbutt misses Crazy Yiuf.
Crazy Yiuf is moderately wounded.
Crazy Yiuf hits you with a +4 quarterstaff of chaos!
* * * LOW HITPOINT WARNING * * *
You are lethally poisoned!
Crazy Yiuf hits you with a +4 quarterstaff of chaos!
You die...

#.#
#<##.###.......
#.#
#.##.##<.####..
#.# #.......##
#.. #.#
#####.#######..
#.# ###....<...
#.########
#........
#.#.#..#.###*####
###........
#.......#..##...#
#.....)#.#.
#......####.@g..#
#..........
##..#.## ###..)#
#......#.#.
###### *####
#..........
#........##
#........#
##..####### #...#
#...# #...#


You could see Crazy Yiuf (berserk).

Vanquished Creatures
  A black bear (D:4)
  A sky beast (D:3)
  A water moccasin skeleton (D:4)
  A centaur skeleton (D:4)
  A jelly (D:3)
  Natasha (twice) (D:3)
  Ijyb (D:4)
  8 adders
  A worm (D:4)
  2 dart slugs (D:1)
  5 orcs
  4 endoplasms
  2 giant cockroaches
  4 goblins
  8 hobgoblins
  7 quokkas
  7 ball pythons
  3 bats
  3 frilled lizards
  12 kobolds
  3 rats
77 creatures vanquished.

Notes
Turn   | Place    | Note
-------+----------+-------------------------------------------
     0 | D:1      | croobank the Minotaur Berserker began the quest for the
                  | Orb.
     0 | D:1      | Reached XP level 1. HP: 19/19 MP: 0/0
   243 | D:1      | Reached XP level 2. HP: 22/27 MP: 1/1
   353 | D:1      | Reached skill level 4 in Axes
   957 | D:1      | Reached XP level 3. HP: 32/33 MP: 2/2
  1301 | D:2      | Found a shimmering blue altar of Sif Muna.
  2212 | D:3      | Reached XP level 4. HP: 31/41 MP: 3/3
  2301 | D:3      | Noticed Natasha
  2305 | D:3      | Killed Natasha
  2306 | D:3      | Reached skill level 5 in Axes
  2397 | D:3      | Reached ** piety under Trog
  2559 | D:3      | Found a faded altar of an unknown god.
  2565 | D:3      | Reached XP level 5. HP: 47/47 MP: 4/4
  2655 | D:3      | Noticed a sky beast
  2724 | D:3      | Killed a sky beast
  2951 | D:3      | Noticed Natasha
  2954 | D:3      | Killed Natasha
  2955 | D:3      | Reached skill level 5 in Fighting
  2955 | D:3      | Reached skill level 6 in Axes
  3436 | D:4      | Reached XP level 6. HP: 56/56 MP: 5/5
  3484 | D:4      | Found a staircase to the Ecumenical Temple.
  3533 | D:4      | Identified the ring "Soruimiwab" {rN++ Int+6 Dex+3}
  3739 | D:4      | Noticed Ijyb
  3753 | D:4      | Killed Ijyb
  3905 | D:4      | Found an opulent altar of Gozag.
  4111 | D:4      | Reached skill level 7 in Axes
  4111 | D:4      | Reached XP level 7. HP: 55/61 MP: 6/6
  4212 | D:4      | Found a runed translucent door.
  4213 | D:4      | Noticed Crazy Yiuf
  4221 | D:4      | Mangled by Crazy Yiuf

Illustrated notes

Levels and vault maps discovered:
D:1:      dpeg_arrival_circle_labyrinth_c, layout_basic, minivault_23,
          minmay_heptomino_l4
D:2:      layout_loops_ring, basic_altar
D:3:      layout_loops_cross, chequers_ecumenical_altar_island,
          nrook_loot_triangle, uniq_natasha
D:4:      kennysheep_six_static_rooms, layout_rooms, old_standard_altar,
          minmay_temple_entry_overgrown, serial_glass, glass_columns_a,
          glass_columns_b, glass_columns_a, glass_columns_a, glass_columns_b,
          glass_columns_a, glass_columns_c, glass_columns_b, uniq_ijyb,
          uniq_crazy_yiuf_cottage

Skill      XL: |  1  2  3  4  5  6 |
---------------+-------------------+-----
Axes           | 4 5 6 7 |  7.2
Fighting       | 4 5 |  5.3
Armour         | 3 4 |  4.4
Dodging        | 3 |  3.4
Stealth        | |  0.5

Action                   |  1- 3 |  4- 6 |  7- 9 || total
-------------------------+-------+-------+-------++-------
Melee: Hand axe          |    81 |    83 |     4 ||   168
       Headbutt          |    13 |    14 |       ||    27
       Unarmed           |       |     4 |       ||     4
Throw: Throwing net      |       |     1 |       ||     1
Invok: Berserk           |       |     2 |       ||     2
  Use: Scroll            |     1 |     2 |     1 ||     4
Armor: Leather armour    |    27 |    16 |       ||    43
Dodge: Dodged            |    44 |    49 |     1 ||    94

Table legend: (Time is in decaauts)
 A = Elapsed time spent in this place.
 B = Non-inter-level travel time spent in this place.
 C = Inter-level travel time spent in this place.
 D = Time resting spent in this place.
 E = Time spent auto-exploring this place.
 F = Levels seen in this place.
 G = Mean time per level.
                   A        B        C        D        E       F      G
               +--------+--------+--------+--------+--------+-----+--------+
         Total |   4257 |   4035 |    222 |    443 |   2864 |   4 | 1064.2 |
       Dungeon |   4257 |   4035 |    222 |    443 |   2864 |   4 | 1064.2 |
               +--------+--------+--------+--------+--------+-----+--------+

Top non-repeatable levels by time:
     D:1: 1298 daAuts
     D:3: 1238 daAuts
     D:2: 903 daAuts
     D:4: 816 daAuts
